Cogmind - Beta 9.1 @@@ ROGUE MODE // 2019.11.08 @ 16:45:38 Player: Torque Result: Destroyed by G-34 Mercenary with Small Laser Performance ------------- Evolutions (1) 500 Regions Visited (3) 600 Robots Destroyed (17) 85 Value Destroyed (511) 511 Prototype IDs (2) 40 Alien Tech Used (0) 0 Bonus (0) 0 TOTAL SCORE: 1736 Bonus ------- None Cogmind --------- Core Integrity 0/400 Matter 191/300 Energy 31/100 System Corruption 0% Temperature Cool (21) Location -9/Materials Parts ------- Power (1) Propulsion (2) VTOL Module Utility (4) Large Storage Unit Improved Signal Interpreter Terrain Scan Processor Weapon (2) Heavy EM Pulse Gun Inventory (10) Improved Heat Sink Improved Sensor Array ECM Suite Particle Gun Datajack Makeshift Spear Peak State ------------ Power Light Nuclear Core Propulsion Hover Unit Improved Hover Unit Utility Large Storage Unit Improved Sensor Array Improved Signal Interpreter Terrain Scan Processor Weapon Beam Rifle Makeshift Spear Inventory Light Nuclear Core Aluminum Leg Aluminum Leg VTOL Module VTOL Module Improved Heat Sink ECM Suite Medium Armor Plating Particle Gun Datajack [Rating: 20] Favorites ----------- Power Light Nuclear Core Engine Ion Engine Power Core Light Nuclear Core Propulsion Aluminum Leg Leg Aluminum Leg Wheel Compact Wheel Hover Unit Improved Hover Unit Flight Unit VTOL Module Utility Large Storage Unit Device Sensor Array Storage Large Storage Unit Processor Terrain Scan Processor Protection Medium Armor Plating Weapon Assault Rifle Energy Gun Particle Gun Energy Cannon Beam Cannon Ballistic Gun Assault Rifle Piercing Weapon Makeshift Spear Special Melee Weapon Datajack Build | -11 -10 -10 -9 ------- Run | Scr Mat Min Mat Slots Evolved 2 | . . . 2 Power . | . . . . Propulsion . | . . . . Utility 2 | . . . 2 Weapon . | . . . . Parts Attached 46 | 6 8 2 30 Power 4 | 1 . 1 2 Engine 1 | 1 . . . Core 3 | . . 1 2 Reactor . | . . . . Propulsion 16 | 2 3 . 11 Treads . | . . . . Leg 7 | . 3 . 4 Wheel 2 | 2 . . . Hover 4 | . . . 4 Flight 3 | . . . 3 Utility 12 | 1 3 . 8 Device 6 | . 1 . 5 Storage 2 | 1 1 . . Processor 3 | . 1 . 2 Hackware . | . . . . Protection 1 | . . . 1 Artifact . | . . . . Weapon 14 | 2 2 1 9 Energy Gun 9 | 2 1 . 6 Energy Cannon 1 | . . . 1 Ballistic Gun 2 | . 1 . 1 Ballistic Cannon . | . . . . Launcher . | . . . . Special Weapon . | . . . . Impact Weapon . | . . . . Slashing Weapon . | . . . . Piercing Weapon 1 | . . 1 . Special Melee Weapon 1 | . . . 1 Unidentified Prototypes . | . . . . Parts Lost 14 | . 1 . 13 Power 2 | . . . 2 Propulsion 5 | . . . 5 Utility 2 | . . . 2 Weapon 5 | . 1 . 4 Highest Loss Streak 6 | . 1 . 6 Average Slot Usage (%) 98 | . 96 100 97 Engine 2 | . 14 1 . Core 9 | . . 12 10 Leg 17 | . 15 28 12 Wheel 2 | . 12 . . Hover 4 | . . . 8 Device 5 | . 2 . 10 Storage 13 | . 17 14 11 Processor 16 | . 5 14 22 Energy Gun 8 | . 19 13 2 Ballistic Gun 8 | . 8 14 5 Piercing Weapon 5 | . . . 10 Naked Turns . | . . . . Heaviest Build 33 | 12 28 26 33 Greatest Support 32 | 32 32 20 20 Greatest Overweight (x) 8 | . 2 1 8 Average Overweight (x) . | . . 1 1 Largest Inventory Capacity 12 | 6 12 10 10 Average Capacity 9 | 4 9 10 10 Most Carried 10 | 6 10 10 10 Average Carried 9 | 2 8 9 9 Final Capacity 10 | 6 10 10 10 Final Carried 10 | 6 10 10 6 Class Distribution -------------------- 54% | Mutant 45% | Scavenger-Mutant Dominant Class ---------------- Mutant | -10/Materials Scavenger-Mutant | -10/Mines Mutant | -9/Materials Resources | -11 -10 -10 -9 ----------- Run | Scr Mat Min Mat Matter Collected 526 | 219 107 35 165 Remotely . | . . . . Salvage Created 613 | . 118 32 463 Parts 48 | . 10 5 33 Haulers Intercepted . | . . . . Recyclers Shooed 1 | . 1 . . Parts Field Recycled . | . . . . Retrieved Matter . | . . . . Parts Self-Destructed . | . . . . Prevented . | . . . . Kills | -11 -10 -10 -9 ------- Run | Scr Mat Min Mat Combat Hostiles Destroyed 14 | . 2 3 9 Melee 8 | . . . 8 Guns 6 | . 2 3 1 Classes Destroyed 6 | . 2 1 3 Worker 1 | . 1 . . Operator 1 | . . . 1 Watcher 1 | . . . 1 Swarmer 3 | . . 3 . Grunt 9 | . 2 . 7 Sentry 2 | . . . 2 Best Kill Streak 4 | . 1 3 4 Combat Bots Only 4 | . 1 3 4 Max Kills in Single Turn 1 | . 1 1 1 Gunslinging . | . . . . Exploded . | . . . . Melee 1 | . . . 1 Uniques/NPCs Destroyed . | . . . . Combat | -11 -10 -10 -9 -------- Run | Scr Mat Min Mat Damage Taken 1957 | . 213 95 1649 Core 468 | . 68 . 400 Absorbed by Shields . | . . . . Core Remaining (%) 86 | 100 . 72 . Volleys Fired 27 | . 15 5 7 Largest 2 | . 2 2 2 Hottest 85 | . 85 85 68 Shots Fired 47 | . 26 10 11 Gun 47 | . 26 10 11 Cannon . | . . . . Launcher . | . . . . Special . | . . . . Kinetic 14 | . 3 5 6 Thermal 21 | . 15 5 1 Explosive . | . . . . Electromagnetic 12 | . 8 . 4 Robot Hit Streak 9 | . 9 3 5 Robot Miss Streak 1 | . 1 1 1 Penetration Max . | . . . . Secondary Targets 2 | . . 1 1 Max Gunslinging Chain 1 | . . 1 1 Shots Hit Robots 50 | . 16 5 29 Core Hits 24 | . 7 3 14 Critical Hits . | . . . . Critical Kills . | . . . . Critical Parts Destroyed . | . . . . Melee Attacks 30 | . . . 30 Impact . | . . . . Slashing . | . . . . Piercing 29 | . . . 29 Sneak Attacks 1 | . . . 1 Combat Hostiles . | . . . . Follow-up Attacks . | . . . . Damage Inflicted 1275 | . 302 85 888 Guns 499 | . 295 79 125 Cannons . | . . . . Explosions 163 | . . . 163 Melee 600 | . . . 600 Ramming 13 | . 7 6 . Kinetic 94 | . 45 . 49 Thermal 417 | . 160 79 178 Explosive . | . . . . Electromagnetic 151 | . 90 . 61 Impact . | . . . . Slashing . | . . . . Piercing 600 | . . . 600 Highest Corruption . | . . . . Average Corruption . | . . . . Corruption Purged . | . . . . Overload Shots . | . . . . Overflow Damage 1 | . . . 1 Projectiles . | . . . . Explosions 1 | . . . 1 Melee . | . . . . Knockbacks . | . . . . Impact . | . . . . Kinetic . | . . . . Secondary . | . . . . Self-Inflicted Damage 3 | . 3 . . Shots . | . . . . Rammed 2 | . 2 . . Targets Rammed 3 | . 2 1 . Kicked 1 | . . 1 . Crushed . | . . . . Highest Temperature 176 | . 176 102 80 Average Temperature 76 | . 109 50 32 Received Heat Transfer 909 | . 114 . 795 Siege Activations . | . . . . Robots Corrupted . | . . . . Combat Hostiles . | . . . . Parts Fried . | . . . . Impact Corruptions . | . . . . Robots Melted . | . . . . Combat Hostiles . | . . . . Parts Melted . | . . . . Heat Transferred 771 | . 349 185 237 Parts Sabotaged . | . . . . Parts Stolen . | . . . . Parts Stripped . | . . . . Power Chain Reactions 1 | . . . 1 Missiles Intercepted . | . . . . Alert | -11 -10 -10 -9 ------- Run | Scr Mat Min Mat Peak Influence 160 | . 95 106 160 Average Influence 58 | . 51 62 62 Maximum Alert Level . | . . . . Low Security (%) 100 | . . . . Level 1 . | . . . . Level 2 . | . . . . Level 3 . | . . . . Level 4 . | . . . . Level 5 . | . . . . High Security . | . . . . Max Security . | . . . . Squads Dispatched 3 | . 1 . 2 Investigation . | . . . . Extermination . | . . . . Reinforcement 3 | . 1 . 2 Assault . | . . . . Garrison . | . . . . Intercept . | . . . . Construction Impeded . | . . . . Haulers Reinforced . | . . . . Stealth | -11 -10 -10 -9 --------- Run | Scr Mat Min Mat Distress Signals 4 | . 1 . 3 Communications Jammed . | . . . . Distress Signals . | . . . . Times Spotted 45 | . 7 5 33 Peak Tracking Total 8 | . 5 3 8 Tactical Retreats 6 | . . . 6 Traps | -11 -10 -10 -9 ------- Run | Scr Mat Min Mat Traps Triggered . | . . . . Indirectly . | . . . . Trap Hack Attempts . | . . . . Triggered . | . . . . Disarmed . | . . . . Reprogrammed . | . . . . Reused . | . . . . Traps Extracted . | . . . . Installed . | . . . . Triggered . | . . . . Machines | -11 -10 -10 -9 ---------- Run | Scr Mat Min Mat Machines Disabled . | . . . . Max in Single Turn . | . . . . Machines Sabotaged . | . . . . Garrisons Compromised . | . . . . Overloaded Fab Kills . | . . . . Fab Network Shutdowns . | . . . . Hacking | -11 -10 -10 -9 --------- Run | Scr Mat Min Mat Machines Accessed 5 | . 3 . 2 Terminals 4 | . 3 . 1 Fabricators . | . . . . Repair Stations . | . . . . Recycling Units . | . . . . Scanalyzers 1 | . . . 1 Garrison Access . | . . . . Total Hacks 8 | . 4 . 4 Successful 7 | . 3 . 4 Failed 1 | . 1 . . Catastrophic . | . . . . Database Lockouts . | . . . . Manual . | . . . . Terminals 6 | . 4 . 2 Fabricators . | . . . . Repair Stations . | . . . . Recycling Units . | . . . . Scanalyzers 2 | . . . 2 Garrison Access . | . . . . Terminal Hacks 5 | . 3 . 2 Record 1 | . . . 1 Prototype ID Bank 1 | . 1 . . Alert Level 2 | . 1 . 1 Zone Layout 1 | . 1 . . Fabricator Hacks . | . . . . Repair Station Hacks . | . . . . Recycling Unit Hacks . | . . . . Scanalyzer 2 | . . . 2 Insert Component 1 | . . . 1 Analyze 1 | . . . 1 Garrison Access Hacks . | . . . . Unauthorized Hacks . | . . . . Terminals . | . . . . Fabricators . | . . . . Repair Stations . | . . . . Recycling Units . | . . . . Scanalyzers . | . . . . Garrison Access . | . . . . Data Cores Recovered . | . . . . Used . | . . . . Hacking Detections 2 | . 1 . 1 Full Trace Events . | . . . . Feedback Events . | . . . . Feedback Blocked . | . . . . Robot Schematics Acquired . | . . . . Robots Built . | . . . . Matter . | . . . . Time . | . . . . Total Robot Build Rating . | . . . . Part Schematics Acquired 1 | . . . 1 Parts Built . | . . . . Matter . | . . . . Time . | . . . . Total Part Build Rating . | . . . . Parts Repaired . | . . . . Time . | . . . . Parts Recycled . | . . . . Recycled Matter . | . . . . Retrieved Matter . | . . . . Retrieved Components . | . . . . Parts Scanalyzed 1 | . . . 1 Part Schematics Acquired 1 | . . . 1 Parts Damaged . | . . . . Bothacking | -11 -10 -10 -9 ------------ Run | Scr Mat Min Mat Used RIF Installer . | . . . . Robots Hacked 1 | . . . 1 Non-combat 1 | . . . 1 Combat . | . . . . Robot Hacks Applied 1 | . . . 1 parse_system 1 | . . . 1 Relay Couplers Released . | . . . . Robots Rewired . | . . . . Allies Hacked . | . . . . Hacks Repelled . | . . . . Allies | -11 -10 -10 -9 -------- Run | Scr Mat Min Mat Total Allies . | . . . . Largest Group . | . . . . Highest-Rated Group . | . . . . Highest-Rated Ally . | . . . . Total Orders . | . . . . Ally Attacks . | . . . . Total Damage . | . . . . Kills . | . . . . Allies Corrupted . | . . . . Allies Melted . | . . . . Intel | -11 -10 -10 -9 ------- Run | Scr Mat Min Mat Robot Analysis Total . | . . . . Derelict Logs Recovered 1 | . . 1 . Drone Launches . | . . . . Drone Recoveries . | . . . . Exploration | -11 -10 -10 -9 ------------- Run | Scr Mat Min Mat Turns Passed 2224 | 56 373 682 1113 Spaces Moved 1232 | 43 228 436 525 Core 6 | 2 . . 4 Treads . | . . . . Legs 822 | . 127 436 259 Wheels 142 | 41 101 . . Hover 255 | . . . 255 Flight 7 | . . . 7 Fastest Speed 50 | 50 100 150 116 Average Speed 139 | 97 127 150 138 Slowest Speed 450 | 100 180 150 450 Overloaded Moves . | . . . . Propulsion Burnouts . | . . . . Robots Hopped . | . . . . Cave-ins Triggered . | . . . . Exploration Rate (%) 33 | 3 32 68 32 Regions Visited 3 Branch Regions 1 Pre-discovered Areas . | . . . . Known Exits Taken . | . . . . Unknown Exits Taken 3 | 1 1 1 . Scrap Searched 4 | . . 4 . Spaces Dug . | . . . . Terrain Destroyed 3 | . . . 3 Melee . | . . . . Projectile . | . . . . AOE 3 | . . . 3 Actions | -11 -10 -10 -9 --------- Run | Scr Mat Min Mat Total 1659 | 54 283 454 868 Wait 286 | . 20 6 260 Move 1229 | 42 227 435 525 Hop . | . . . . Pick Up 18 | 6 5 2 5 Fast Attach 15 | 6 2 1 6 Attach 13 | . 3 . 10 Detach 5 | . 3 . 2 Swap 18 | . 3 1 14 Drop 15 | . 3 3 9 Fire 27 | . 15 5 7 Melee 30 | . . . 30 Ram . | . . . . Kick 3 | . 2 1 . Crush . | . . . . Escape Stasis . | . . . . Rewire . | . . . . Trap . | . . . . Miscellaneous . | . . . . Route ------- -11/Scrapyard -10/Materials -10/Mines -9/Materials History --------- Turn | Location | Event 16 | -11/Scrapyard | Discovered new exit (range 16) 57 | -11/Scrapyard | Entered Materials 331 | -10/Materials | Build established: Mutant 394 | -10/Materials | Discovered new exit (range 8) 430 | -10/Materials | Entered Mines 486 | -10/Mines | Met a Derelict bent on vengeance 800 | -10/Mines | Learned Materials emergency access door positions 803 | -10/Mines | Build established: Scavenger-Mutant 875 | -10/Mines | Joined a pair of Derelicts in attacking an 0b10 outpost 1092 | -10/Mines | Discovered new exit (range 9) 1102 | -10/Mines | A weapon hastily lodged in a ceiling crevice suddenly fell to the ground 1112 | -10/Mines | Entered Materials 1112 | -9/Materials | Evolved 2 slots: Utility x2 1422 | -9/Materials | Build established: Mutant 2153 | -9/Materials | Core integrity fell below 50% 2195 | -9/Materials | Lost 6 parts (2p3n1w) 2213 | -9/Materials | Core integrity fell below 20% 2225 | -9/Materials | Destroyed by G-34 Mercenary with Small Laser Last Messages --------------- 02131_ Imp. Hover Unit destroyed. 02144_ Lgt. Nuclear Core destroyed. 02145_ VTOL Module destroyed. 02164_ Lgt. Nuclear Core destroyed. 02178_ W-16 Scout destroyed. 02185_ R-06 Scavenger collects Signal Interpreter. 02189_ R-06 Scavenger collects Hover Unit. 02193_ Acquired Autogun. 02193_ R-06 Scavenger collects Visual Processing Unit. 02200_ G-47 Trooper destroyed. 02200_ Switching to secondary target: Y-45 Defender. 02201_ Hvy. EM Pulse Gun destroyed. 02203_ Med. Armor Plating destroyed. 02205_ Aluminum Leg destroyed. 02210_ Acquired Hvy. EM Pulse Gun. 02212_ Chain reaction triggered in Imp. Ion Engine. 02212_ Destroyed Wheel. 02216_ Autogun destroyed. 02217_ Hvy. EM Pulse Gun destroyed. 02222_ Terminal disabled. Map ----- +----------------------------------------------------+ | ?????????########## # #???????????????????? | | ??????????????????# # """ #???????????????????? | | ??????????????????# # """ #???????????????????? | | ??????????????????# / """ #???????????????????? | | ??????????????????# # #???????????????????? | | ??????????????????# # #???????????????????? | | #############+##### #####+##???????????????????? | | #???????????????????? | | #???????????????????? | | #???????????????????? | | #??######### ########## #???????????????????? | | #?########## #????????# #???????????????????? | | #?# # #########" !#????????#??????????? | | #?# """ # # "Y%*%######## ##?????????? | | #?# "T" # #* "" " ggg #?????????? | | #?# = # #== """ # #?????????? | | #?#== # %!#*] " # #?????????? | | #?# !! """ + =%+%% # ##????????? | | #?# !! """ # ==#=! """ # ???????? | | #?# ! """ # #= """ # ???????? | | #?# # # """ #! " """?????????? | | #?#### ##### # #! """"???????????? | | ############ ########## """ "?????????? | | % #???????## ???????? | | #???????#" ???????? | | ############ #???????#T@ ????????? | | ??########## #???????# ????????? | | ??# """ # #???????## ????????? | | ??# "R" # #????????# ! ?????????? | | ??# " " # ##############"Y"########?????????? | | ??# # # #???"""#????????????????? | | ??# + + #???####????????????????? | | ??# """ # # """ """ #???????????????????????? | | ??# """ # # """ """ #???????????????????????? | | ??# """ # # """ """ #???????????????????????? | | ??# ##### #????????????+??????????? | | ??##########???# #???????????????????????? | | ???????????????# #????????????????+??????? | | ########???????###########???????????????????????? | | """""" #?????????????????????????????????????????? | | """""" #?????????????????????????????????????????? | | """""" #?????????????????????????????????????????? | | """""" #?????????????????????????????????????????? | | """""" #?????????????????????????????????????????? | | #?????????????????????????????????????????? | | #?????????????????????????????????????????? | | #?????????????????????????????????????????? | | ########?????????????????????????????????????????? | | ?????????????????????????????????????????????????? | | | +----------------------------------------------------+ Best States ------------- Heat Dissipation 39 Energy Generation 14 Energy Capacity 250 Matter Stores 300 Matter Capacity 300 Sight Range 16 Robot Scan Range 13 Terrain Scan Density 85 ECM Strength 1 Armor Coverage 225 Evasion (%) 40 Item Schematics ----------------- Datajack | -9/Materials | Scanalyzed Robot Schematics ------------------ None Fabricated ------------ Nothing Alien Tech Used ----------------- None Achievements -------------- None Challenges ------------ None Game ------ Seed DeuteriumDynamicBuckler Manual? 0 Play Time 00:23:52 Cumulative 9.9 hours Start 2019.11.08 @ 16:20:59 End 2019.11.08 @ 16:45:38 Sessions 1 Manual Loads 0 Difficulty Rogue Special Mode None Game No. 16 Rogue 16 Adventurer 0 Explorer 0 Win Type - Total 0 Types 0/0/0/0/0/0/0 Lore% 17 Gallery% 18 Achievement% 16 Wizard Run 0 Options --------- ASCII 0 Keyboard 1 Movement Numpad Keybinds 0 Fullscreen 1 Font 18/SmallcapsGlow Map View 76x50 Tactical HUD 1 Map Filters NONE Filters NONE Steam 1 RUN: 1a996aa8-547d-4369-9943-e9a39c4529f3